3186 views
Uploaded 2020-08-13 21:41:22
Game version 1.32.8
25:55 long 1on1on1on1 ladder game on (8)Sanctuary_LV
Saved by pure
3186 views
Uploaded 2020-08-13 21:41:22
Game version 1.32.8
25:55 long 1on1on1on1 ladder game on (8)Sanctuary_LV

38 units @ 5.4k
/ 0.7k
18 buildings @ 3.3k
/ 1.4k



| Healing Salve | 5 | 500 |
| Scroll of Speed | 2 | 100 |
| Lesser Clarity Potion | 3 | 210 |
| Orb of Lightning | 1 | 375 |
| Tiny Great Hall | 1 | 600 |
| Potion of Mana | 2 | 400 |
| Scroll of Town Portal | 1 | 350 |
| Periapt of Vitality | 1 | 325 |
| Potion of Lesser Invulnerability | 1 | 150 |
| total: | 17 | 3010g |
| Peon | 14 | 1050 | / | 0 |
| Troll Headhunter | 8 | 1120 | / | 160 |
| Wind Rider | 6 | 1590 | / | 240 |
| Troll Berserker | 6 | 840 | / | 120 |
| Troll Witch Doctor | 2 | 290 | / | 50 |
| Shaman | 1 | 130 | / | 20 |
| Goblin Shredder | 1 | 375 | / | 100 |
| total: | 38 | 5395g | / | 690w |
| Orc Burrow | 6 | 960 | / | 240 |
| Altar of Storms | 1 | 180 | / | 50 |
| War Mill | 1 | 205 | / | 0 |
| Barracks | 2 | 360 | / | 100 |
| Voodoo Lounge | 2 | 260 | / | 60 |
| Great Hall | 2 | 770 | / | 370 |
| Beastiary | 2 | 290 | / | 280 |
| Spirit Lodge | 2 | 300 | / | 300 |
| Stronghold | 2 | 630 | / | 380 |
| Fortress | 2 | 650 | / | 380 |
| total: | 18 | 3325g | / | 1400w |
| 0:02 | Peon |
| 0:02 | Peon |
| 0:18 | Orc Burrow |
| 0:29 | Peon |
| 0:33 | Altar of Storms |
| 0:45 | Peon |
| 0:49 | War Mill |
| 0:58 | Peon |
| 1:05 | Barracks |
| 1:12 | Peon |
| 1:13 | Peon |
| 1:25 | Peon |
| 1:39 | Orc Burrow |
| 1:44 | Peon |
| 2:06 | Voodoo Lounge |
| 2:14 | Troll Headhunter |
| 2:33 | Mirror Image |
| 2:35 | Troll Headhunter |
| 2:46 | Troll Headhunter |
| 3:08 | Troll Headhunter |
| 3:29 | Stronghold |
| 3:37 | Troll Headhunter |
| 3:37 | Troll Headhunter |
| 3:56 | Troll Headhunter |
| 4:01 | Critical Strike |
| 4:27 | Great Hall |
| 4:35 | Healing Salve |
| 4:51 | Orc Burrow |
| 5:12 | Steel Ranged Weapons |
| 5:40 | Mirror Image |
| 6:12 | Goblin Shredder |
| 6:52 | Healing Salve |
| 6:52 | Healing Salve |
| 6:52 | Scroll of Speed |
| 6:52 | Lesser Clarity Potion |
| 7:05 | Healing Wave |
| 7:19 | Troll Regeneration |
| 7:43 | Fortress |
| 7:47 | Critical Strike |
| 7:58 | Steel Armor |
| 8:04 | Beastiary |
| 8:05 | Beastiary |
| 8:06 | Thorium Ranged Weapons |
| 8:22 | Hex |
| 8:30 | Orc Burrow |
| 8:32 | Orc Burrow |
| 9:19 | Wind Rider |
| 9:22 | Thorium Armor |
| 9:22 | Arcanite Armor |
| 10:08 | Berserker Upgrade |
| 10:09 | Envenomed Spears |
| 10:21 | Healing Wave |
| 10:28 | Troll Headhunter |
| 10:45 | Arcanite Ranged Weapons |
| 11:10 | Orb of Lightning |
| 11:11 | Tiny Great Hall |
| 11:12 | Scroll of Town Portal |
| 11:12 | Scroll of Speed |
| 11:17 | Endurance Aura |
| 11:35 | Mirror Image |
| 12:17 | Periapt of Vitality |
| 12:18 | Potion of Lesser Invulnerability |
| 12:25 | Orc Burrow |
| 12:30 | Hex |
| 12:50 | Spirit Lodge |
| 12:52 | Wind Rider |
| 12:52 | Wind Rider |
| 12:54 | Troll Berserker |
| 12:54 | Troll Berserker |
| 13:22 | Spirit Lodge |
| 13:32 | War Stomp |
| 14:06 | Peon |
| 14:06 | Peon |
| 14:06 | Peon |
| 14:06 | Peon |
| 14:07 | Peon |
| 14:17 | War Stomp |
| 14:31 | Reinforced Defenses |
| 14:37 | Witch Doctor Adept Training |
| 14:37 | Shaman Adept Training |
| 15:59 | Troll Berserker |
| 16:00 | Wind Rider |
| 16:51 | Troll Berserker |
| 16:53 | Wind Rider |
| 18:05 | Wind Rider |
| 18:10 | Healing Wave |
| 18:45 | Voodoo Lounge |
| 19:09 | Endurance Aura |
| 20:48 | Witch Doctor Master Training |
| 20:48 | Shaman Master Training |
| 20:49 | Troll Witch Doctor |
| 22:02 | Great Hall |
| 22:10 | Troll Berserker |
| 22:10 | Troll Berserker |
| 22:16 | Barracks |
| 22:52 | Lesser Clarity Potion |
| 22:52 | Potion of Mana |
| 22:56 | Potion of Mana |
| 23:03 | Healing Salve |
| 23:15 | Lesser Clarity Potion |
| 23:20 | Healing Salve |
| 23:54 | Shaman |
| 23:56 | Troll Witch Doctor |
| 23:58 | Bladestorm |
| 24:10 | Spiked Barricades |
| 25:27 | War Stomp |
| Right click | 1584 |
| Select group | 1155 |
| Select | 698 |
| Misc. action | 333 |
| Build/train/purchase | 182 |
| Assign group | 108 |
| Use ability | 53 |
| Chat | 31 |
| Item give/drop | 12 |
| Esc | 1 |
48 units @ 5.6k
/ 0.7k
49 buildings @ 6.9k
/ 3.7k



| Healing Salve | 3 | 300 |
| Lesser Clarity Potion | 4 | 280 |
| Orb of Lightning | 9 | 3375 |
| Tiny Great Hall | 1 | 600 |
| total: | 17 | 4555g |
| Peon | 31 | 2325 | / | 0 |
| Troll Headhunter | 7 | 980 | / | 140 |
| Wind Rider | 1 | 265 | / | 40 |
| Tauren | 1 | 280 | / | 80 |
| Troll Batrider | 5 | 800 | / | 200 |
| Spirit Walker | 1 | 195 | / | 35 |
| Goblin Shredder | 2 | 750 | / | 200 |
| total: | 48 | 5595g | / | 695w |
| Watch Tower | 23 | 2530 | / | 1840 |
| Altar of Storms | 1 | 180 | / | 50 |
| Orc Burrow | 12 | 1920 | / | 480 |
| War Mill | 2 | 410 | / | 0 |
| Barracks | 1 | 180 | / | 50 |
| Voodoo Lounge | 2 | 260 | / | 60 |
| Great Hall | 1 | 385 | / | 185 |
| Beastiary | 4 | 580 | / | 560 |
| Spirit Lodge | 1 | 150 | / | 150 |
| Tauren Totem | 2 | 270 | / | 310 |
| Stronghold | 3 | 945 | / | 570 |
| Fortress | 3 | 975 | / | 570 |
| total: | 49 | 6865g | / | 3685w |
| 0:03 | Peon |
| 0:03 | Peon |
| 0:15 | Altar of Storms |
| 0:18 | Orc Burrow |
| 0:27 | Peon |
| 0:31 | Peon |
| 0:50 | War Mill |
| 1:10 | Peon |
| 1:10 | Peon |
| 1:15 | Barracks |
| 1:23 | Peon |
| 1:24 | Peon |
| 1:36 | Peon |
| 1:50 | Orc Burrow |
| 1:56 | Peon |
| 2:15 | Endurance Aura |
| 2:23 | Troll Headhunter |
| 2:29 | Voodoo Lounge |
| 2:42 | Troll Headhunter |
| 2:44 | Peon |
| 2:53 | Troll Headhunter |
| 3:18 | Troll Headhunter |
| 3:29 | Troll Headhunter |
| 3:37 | Stronghold |
| 3:55 | Orc Burrow |
| 4:10 | Troll Headhunter |
| 4:14 | War Stomp |
| 4:25 | Healing Salve |
| 4:37 | Healing Salve |
| 5:22 | Troll Headhunter |
| 5:30 | Goblin Shredder |
| 5:30 | Goblin Shredder |
| 5:42 | Orc Burrow |
| 6:12 | War Stomp |
| 6:28 | Reinforced Defenses |
| 6:31 | Watch Tower |
| 7:04 | Fortress |
| 7:14 | Healing Salve |
| 7:15 | Lesser Clarity Potion |
| 7:15 | Lesser Clarity Potion |
| 7:30 | Healing Wave |
| 7:53 | Great Hall |
| 8:28 | Beastiary |
| 8:30 | Spirit Lodge |
| 8:38 | Steel Ranged Weapons |
| 8:38 | Thorium Ranged Weapons |
| 8:43 | War Mill |
| 8:46 | Hex |
| 8:58 | Endurance Aura |
| 9:04 | Watch Tower |
| 9:04 | Watch Tower |
| 9:57 | Shaman Adept Training |
| 9:57 | Shaman Master Training |
| 10:01 | Watch Tower |
| 10:28 | Peon |
| 10:28 | Peon |
| 10:43 | Orb of Lightning |
| 10:43 | Orb of Lightning |
| 10:43 | Orb of Lightning |
| 11:01 | Healing Wave |
| 11:10 | Critical Strike |
| 11:19 | Watch Tower |
| 11:22 | Watch Tower |
| 11:24 | Peon |
| 11:29 | Watch Tower |
| 11:31 | Watch Tower |
| 11:33 | Watch Tower |
| 11:36 | Arcanite Ranged Weapons |
| 11:38 | Steel Armor |
| 11:38 | Thorium Armor |
| 11:38 | Spiked Barricades |
| 11:39 | Improved Spiked Barricades |
| 11:42 | Steel Melee Weapons |
| 11:55 | Wind Rider |
| 12:03 | Watch Tower |
| 12:04 | Watch Tower |
| 12:04 | Watch Tower |
| 12:04 | Watch Tower |
| 12:32 | Orc Burrow |
| 12:35 | Watch Tower |
| 12:38 | Watch Tower |
| 12:40 | Watch Tower |
| 12:43 | Watch Tower |
| 12:43 | Watch Tower |
| 12:44 | Watch Tower |
| 13:38 | Arcanite Armor |
| 13:43 | Orc Burrow |
| 13:46 | Tauren Totem |
| 13:48 | Tauren Totem |
| 13:54 | Watch Tower |
| 14:00 | Watch Tower |
| 14:10 | Berserker Upgrade |
| 14:14 | Witch Doctor Adept Training |
| 14:14 | Witch Doctor Master Training |
| 14:23 | Lesser Clarity Potion |
| 14:24 | Tiny Great Hall |
| 14:39 | Orb of Lightning |
| 14:39 | Orb of Lightning |
| 14:39 | Orb of Lightning |
| 16:08 | Tauren |
| 16:10 | Troll Batrider |
| 16:10 | Troll Batrider |
| 16:56 | Beastiary |
| 17:04 | Beastiary |
| 17:06 | Beastiary |
| 17:19 | Spirit Walker |
| 18:35 | Voodoo Lounge |
| 18:38 | Peon |
| 19:06 | Orc Burrow |
| 19:10 | Orc Burrow |
| 19:12 | Orc Burrow |
| 19:51 | Orc Burrow |
| 19:54 | Orc Burrow |
| 19:57 | Orc Burrow |
| 20:00 | War Stomp |
| 20:12 | Peon |
| 20:27 | Peon |
| 20:57 | Troll Batrider |
| 21:26 | Troll Batrider |
| 21:44 | Troll Batrider |
| 22:01 | Watch Tower |
| 22:03 | Watch Tower |
| 22:09 | Peon |
| 22:15 | Peon |
| 22:18 | Peon |
| 22:18 | Peon |
| 22:18 | Peon |
| 22:18 | Peon |
| 22:25 | Peon |
| 22:55 | Peon |
| 22:58 | Peon |
| 23:02 | Peon |
| 23:06 | Peon |
| 23:10 | Peon |
| 23:13 | Peon |
| 23:51 | Lesser Clarity Potion |
| 23:55 | Orb of Lightning |
| 23:56 | Orb of Lightning |
| 23:56 | Orb of Lightning |
| 24:39 | Mirror Image |
| 24:47 | Peon |
| Right click | 1915 |
| Select | 581 |
| Select group | 344 |
| Misc. action | 328 |
| Build/train/purchase | 196 |
| Assign group | 151 |
| Use ability | 72 |
| Item give/drop | 20 |
| Chat | 7 |
| Remove unit | 3 |